 Dungeon Crawl Stone Soup version 0.17-a0-473-gfd9ac06 (webtiles) character file.

358 Ololoev the Slasher (level 6, -3/49 HPs)
             Began as a Mummy Chaos Knight on Apr 7, 2015.
             Slain by a gnoll
             ... wielding a +0 spear
              (6 damage)
             ... on level 3 of the Dungeon.
             The game lasted 00:09:43 (4075 turns).

Ololoev the Slasher (Mummy Chaos Knight)            Turns: 4075, Time: 00:09:43

Health: -3/49      AC:  6    Str: 18    XL:     6   Next: 37%
Magic:  6/6        EV: 11    Int: 12    God:    Xom [....*.]
Gold:   215        SH:  0    Dex: 11    Spells: 0 memorised, 5 levels left

rFire  x . .     SeeInvis .     d - +0 short sword
rCold  + . .     Clarity  .     b - +2 leather armour
rNeg   + + +     SustAb   +     (no shield)
rPois  ∞         Gourm    .     (no helmet)
rElec  .         Spirit   .     (no cloak)
rCorr  .         Warding  .     g - +0 pair of gloves
rMut   .         Stasis   .     (no boots)
MR     .....                    (no amulet)
Stlth  +.........               e - ring of sustain abilities
                                i - +2 ring of strength

@: not resistant to hostile enchantments, very unstealthy
A: no food or potions, fire vulnerability, cold resistance 1, negative energy
resistance 3, torment resistance, unbreathing
a: Renounce Religion


Innate Abilities, Weirdness & Mutations

You do not eat or drink.
Your flesh is vulnerable to fire.
You are immune to poison.
Your flesh is cold resistant.
You are immune to negative energy.
You are immune to unholy pain and torment.
You can survive without breathing.

Inventory:

Hand weapons
 d - a +0 short sword (weapon)
Armour
 b - a +2 leather armour (worn)
 g - a +0 pair of gloves (worn)
Jewellery
 e - a ring of sustain abilities (right hand)
 i - a +2 ring of strength (left hand)
Magical devices
 a - a wand of cold (0)
Scrolls
 c - a scroll of identify
 f - a scroll of magic mapping


   Skills:
 + Level 4.6 Fighting
   Level 5.2 Long Blades
 - Level 1.5 Armour
 - Level 0.7 Dodging


You had 5 spell levels left.
You didn't know any spells.


You were on level 3 of the Dungeon.
You worshipped Xom.
You were a beloved toy of Xom.
You were not hungry.

You visited 1 branch of the dungeon, and saw 4 of its levels.

You collected 215 gold pieces.

.....# #########.#### ####.# #.#
#.# #.# #.# #.# #.########## ###
#.#### #........... ..# #.....
####..##############.# ######
...................#.############
..(......>......@g...............
.####.############.#.############
.# #.# #..............#### .# #.#
####.#.........'... .# #.#
#.#.........#### .# #.#
#...).......#... .####'###
#.#.........#... ........#
#.#.........#... .###....#####
#.#.........####

Notes
Turn   | Place    | Note
--------------------------------------------------------------
     0 | D:1      | Ololoev, the Mummy Chaos Knight, began the quest for the Orb.
     0 | D:1      | Reached XP level 1. HP: 18/18 MP: 1/1
   115 | D:1      | XOM: mild Conj miscast
   154 | D:1      | Reached XP level 2. HP: 14/24 MP: 2/2
   182 | D:1      | XOM: harmless Conj miscast
   377 | D:1      | XOM: divination: detect creatures
   627 | D:1      | XOM is BORED!
   627 | D:1      | XOM: silly message
  1228 | D:2      | XOM: butterfly on damage
  1262 | D:2      | Reached XP level 3. HP: 12/29 MP: 3/3
  1790 | D:2      | XOM: harmless Tloc miscast
  1860 | D:2      | Noticed Jessica
  1875 | D:2      | Killed Jessica
  1875 | D:2      | Reached skill level 4 in Long Blades
  1875 | D:2      | Reached XP level 4. HP: 32/35 MP: 4/4
  1904 | D:2      | XOM: god gift: 14 gold pieces
  2041 | D:2      | XOM is BORED!
  2041 | D:2      | XOM: mild Trmt miscast
  2124 | D:2      | XOM: potion effect (curing)
  2222 | D:3      | XOM: god gift: glowing white potion
  2236 | D:3      | XOM: confusion
  2237 | D:3      | Noticed Sigmund
  2246 | D:3      | XOM: harmless Erth miscast
  2264 | D:3      | XOM: medium Ice miscast
  2391 | D:3      | Noticed a phantom
  2391 | D:3      | XOM: summons 4 friendly demons
  2414 | D:3      | Killed a phantom
  2414 | D:3      | Reached XP level 5. HP: 17/41 MP: 5/5
  2800 | D:3      | XOM: colour smoke trail
  2806 | D:3      | Noticed Natasha
  2814 | D:3      | Killed Natasha
  2814 | D:3      | Reached skill level 5 in Long Blades
  2900 | D:3      | XOM: destruction
  2915 | D:3      | XOM: 2-stop teleportation journey
  2949 | D:3      | XOM: 8-stop teleportation journey
  3137 | D:3      | Noticed Natasha
  3147 | D:3      | Killed Natasha
  3166 | D:3      | XOM: god gift: leather armour {god gift}
  3205 | D:3      | XOM: swap weapons
  3233 | D:4      | XOM: confuse monster(s)
  3274 | D:3      | XOM: stat loss: -1 Str (18/18)
  3320 | D:3      | XOM: divination: detect creatures
  3693 | D:3      | Noticed Natasha
  3695 | D:3      | Killed Natasha
  3746 | D:3      | XOM: 5-stop teleportation journey
  3815 | D:3      | XOM: divination: magic mapping
  3839 | D:3      | Killed Sigmund
  3839 | D:3      | Reached XP level 6. HP: 44/49 MP: 6/6
  3913 | D:3      | XOM: god gift: 33 gold pieces
  4065 | D:3      | XOM: confuse monster(s)
  4075 | D:3      | Slain by a gnoll

Dungeon Overview and Level Annotations

Branches:
Dungeon (4/15)
 Temple: D:4-7

Altars:


Message History

You are too injured to fight recklessly!
You are too injured to fight recklessly!
You are too injured to fight recklessly!
You are too injured to fight recklessly!
You are too injured to fight recklessly!
You are too injured to fight recklessly!
You are too injured to fight recklessly!
You are too injured to fight recklessly!
You are too injured to fight recklessly!
You are too injured to fight recklessly!
You are too injured to fight recklessly!
You are too injured to fight recklessly!
You are too injured to fight recklessly!
You are too injured to fight recklessly!
You are too injured to fight recklessly!
You barely miss the gnoll.
The gnoll is almost dead.
The gnoll barely misses you. The gnoll hits you but does no damage.
You hit the gnoll.
You kill the gnoll!
The gnoll hits you from afar with a spear. "Heh heh heh..."
The gnoll looks rather confused.
The gnoll barely misses you.
You hit the gnoll.
The gnoll is moderately wounded.
The gnoll hits you with a spear!
You hit the gnoll.
The gnoll is moderately wounded.
The gnoll completely misses you.
You hit the gnoll.
The gnoll is heavily wounded.
The gnoll hits you with a spear.
You barely miss the gnoll.
The gnoll is heavily wounded.
The gnoll hits you with a spear.
You hit the gnoll.
The gnoll is severely wounded.
The gnoll hits you with a spear.
You die...

You could see a gnoll.

Vanquished Creatures
  An orc priest (D:3)
  Jessica (D:2)
  Natasha (thrice) (D:3)
  A gnoll (D:3)
  4 adders
  2 worms
  2 giant geckos
  8 orcs (D:3)
  2 ball pythons (D:1)
  6 bats
  7 giant cockroaches
  3 goblins
  6 hobgoblins
  2 jackals (D:3)
  8 kobolds
  A quokka (D:3)
  4 giant newts
  6 rats
67 creatures vanquished.

Vanquished Creatures (collateral kills)
  Sigmund (D:3)
  A phantom (D:3)
  An orc (D:4)
  A goblin (D:4)
4 creatures vanquished.

Vanquished Creatures (others)
  A kobold (D:3)
  2 butterflies (D:2)
3 creatures vanquished.

Grand Total: 74 creatures vanquished

Action                   |  1- 3 |  4- 6 || total
-------------------------+-------+-------++-------
Melee: Falchion          |    92 |    75 ||   167
       Short sword       |       |    71 ||    71
       Flail             |       |    16 ||    16
  Use: Scroll            |     4 |     4 ||     8
 Stab: Sleeping          |     1 |       ||     1
       Paralysed         |       |     1 ||     1

Vault maps used:
D:1:      nicolae_arrival_somewhat_less_tricky_arrival, st_stairs_1
D:2:      uniq_jessica
D:3:      corexii_shack, uniq_sigmund, uniq_natasha
D:4:      first_bread
